AoeStats
← miguelon01

Arabia

509933983Analyzed
4v4 RM · 4d ago on Sep 28, 2026· 44m 31s· 8 players
Game mode
Random Map
Map size
Large (8 player)
Population
200
Speed
Normal
Resources
Standard
Victory
Conquest
Starting age
Dark Age
Ending age
Imperial Age
RankedLock teamsTeams togetherTeam positionsShared explorationLock speedFull tech treeHidden civsTurbo modeCheats
Victory
Defeat
🇨🇳 Shu · China
1120
+16
🇹🇼 Gurjaras · Taiwan
1099
+17
🇻🇳 Mongols · Vietnam
1098
+17
🇬🇷 Persians · Greece
1082
+18
🇧🇷 Malians · Brazil
1137
-19
🇮🇹 Mongols · Italy
1130
-17
🇸🇪 Malay · Sweden
1127
-17
🇺🇸 Varangians · United States
1075
-15
aLaNi
5:14 Loom
11:12 Feudal Age
16:56 Castle Age
14:57 Double-Bit Axe
16:29 Bloodlines
16:38 Scale Barding Armor
18:25 Forging
19:58 Husbandry
20:00 Horse Collar
25:56 Wheelbarrow
26:17 Iron Casting
26:43 Chain Barding Armor
27:41 Gold Mining
34:26 Bow Saw
34:20 Heavy Plow
42:59 Imperial Age
42:05 Hand Cart
41:16 Pikeman
41:59 Scale Mail Armor
42:01 Padded Archer Armor
41:53 Fletching
42:49 Cavalier
44:10 Plate Barding Armor
44:55 Town Watch
AriaFairyPrincess
5:58 Loom
6:09 Loom
10:00 Feudal Age
10:36 Double-Bit Axe
11:17 Fletching
22:57 Castle Age
21:10 Horse Collar
21:37 Padded Archer Armor
23:37 Bodkin Arrow
23:02 Crossbowman
24:30 Thumb Ring
24:50 Gold Mining
25:57 Bow Saw
27:50 Leather Archer Armor
28:55 Wheelbarrow
30:48 Ballistics
36:55 Heavy Plow
41:02 Imperial Age
39:17 Gold Shaft Mining
38:32 Stone Mining
40:35 Hand Cart
40:49 Masonry
41:14 Fervor
41:05 Devotion
43:09 Chemistry
42:11 Bracer
41:33 Arbalester
42:52 Conscription
42:34 Bolt Magazine
43:16 Guilds
45:30 Ring Archer Armor
44:48 Town Watch
PERCENT5175
6:56 Loom
9:22 Feudal Age
9:54 Double-Bit Axe
16:03 Castle Age
14:13 Horse Collar
18:05 Bow Saw
20:28 Gold Mining
22:33 Stone Mining
24:08 Wheelbarrow
23:19 Town Watch
23:49 Herbal Medicine
27:46 Hand Cart
31:12 Imperial Age
29:31 Bloodlines
29:43 Scale Barding Armor
29:58 Husbandry
30:34 Kshatriyas
32:08 Chain Barding Armor
32:15 Conscription
31:47 Heavy Camel Rider
33:14 Forging
34:37 Frontier Guards
34:49 Town Patrol
35:28 Iron Casting
35:58 Hoardings
36:21 Plate Barding Armor
35:31 Light Cavalry
38:09 Elite Shrivamsha Rider
39:07 Fletching
39:31 Heavy Plow
39:21 Hussar
41:01 Gold Shaft Mining
39:59 Siege Elephant
41:36 Stone Shaft Mining
40:38 Elite Chakram Thrower
41:34 Treadmill Crane
42:55 Chemistry
42:46 Scale Mail Armor
nguyenhoanglan060
11:33 Feudal Age
12:17 Loom
14:18 Double-Bit Axe
17:47 Castle Age
17:26 Horse Collar
19:40 Bow Saw
20:29 Wheelbarrow
20:48 Heavy Plow
27:26 Hand Cart
31:48 Imperial Age
30:15 Fletching
30:26 Padded Archer Armor
31:17 Bodkin Arrow
32:29 Ballistics
33:10 Conscription
33:11 Gold Mining
33:12 Stone Mining
34:14 Bloodlines
34:05 Husbandry
34:51 Scale Barding Armor
34:09 Light Cavalry
36:53 Chemistry
36:00 Thumb Ring
37:18 Gold Shaft Mining
37:19 Stone Shaft Mining
38:34 Bracer
38:49 Leather Archer Armor
39:03 Elite Mangudai
41:17 Parthian Tactics
42:54 Nomads
42:31 Hussar
Detective TOIR
11:15 Feudal Age
15:43 Castle Age
16:43 Gold Mining
16:44 Stone Mining
16:52 Double-Bit Axe
19:34 Horse Collar
22:53 Heavy Plow
23:07 Forging
27:37 Scale Barding Armor
28:14 Iron Casting
29:28 Husbandry
29:39 Bloodlines
29:54 Squires
29:40 Arson
29:41 Gambesons
32:04 Stone Shaft Mining
32:04 Bow Saw
32:48 Chain Barding Armor
34:59 Scale Mail Armor
37:53 Imperial Age
38:28 Wheelbarrow
38:47 Gothikon
40:16 Hand Cart
40:50 Conscription
40:32 Elite Varangian Guard
44:30 Blast Furnace
43:46 Chain Mail Armor
Tarragof
5:12 Loom
11:57 Feudal Age
17:21 Castle Age
20:15 Double-Bit Axe
22:01 Fletching
27:06 Horse Collar
30:20 Gold Mining
30:32 Heavy Plow
30:03 Crossbowman
31:34 Bow Saw
31:33 Bodkin Arrow
31:43 Padded Archer Armor
33:05 Gold Shaft Mining
33:07 Ballistics
33:03 Thumb Ring
32:55 Pikeman
33:55 Leather Archer Armor
34:59 Forging
39:58 Imperial Age
38:05 Wheelbarrow
38:34 Iron Casting
38:04 Scale Barding Armor
38:47 Halberdier
40:33 Blast Furnace
40:58 Crop Rotation
39:54 Arbalester
40:44 Stone Mining
miguelon01
11:32 Feudal Age
12:15 Loom
18:24 Castle Age
16:51 Gold Mining
16:58 Double-Bit Axe
17:17 Horse Collar
25:44 Wheelbarrow
27:47 Forging
27:28 Fletching
31:04 Bow Saw
30:57 Heavy Plow
34:00 Imperial Age
31:28 Stone Mining
33:26 Scale Mail Armor
35:07 Gold Shaft Mining
35:28 Elite Gbeto
37:25 Chain Mail Armor
37:46 Iron Casting
37:36 Ballistics
39:13 Plate Mail Armor
38:39 Bodkin Arrow
40:05 Pikeman
40:46 Squires
40:31 Arson
43:53 Bloodlines
43:04 Light Cavalry
43:45 Husbandry
Tikka Masala
8:59 Feudal Age
7:19 Loom
9:53 Double-Bit Axe
20:18 Castle Age
19:04 Fletching
20:42 Bloodlines
20:42 Elite Skirmisher
21:13 Pikeman
22:22 Bodkin Arrow
23:13 Scale Barding Armor
35:10 Ballistics
35:28 Chain Barding Armor
35:16 Gold Mining
38:26 Wheelbarrow
38:02 Padded Archer Armor
40:03 Thumb Ring
40:29 Murder Holes
42:27 Hand Cart
45:36 Imperial Age
Connection lost

Rejoining the realm…

Still unreachable

The connection could not be restored.

Session expired

The server has moved on; the page needs a fresh start.